 Dungeon Crawl Stone Soup version 0.24.0-13-gcf9b319 (webtiles) character file.

Game seed: 14298647389213517753, levelgen mode: deterministic

7231 Birdy the Slinger (level 11, -3/112 HPs)
             Began as a Halfling Monk on Dec 24, 2019.
             Was a Priest of Dithmenos.
             Slain by benadryl's ghost (12 damage)
             ... on level 9 of the Dungeon.
             The game lasted 00:28:05 (11093 turns).

Birdy the Slinger (Halfling Monk)                  Turns: 11093, Time: 00:28:05

Health: -3/112     AC: 25    Str: 17    XL:     11   Next: 33%
Magic:  11/11      EV:  3    Int:  8    God:    Dithmenos [***...]
Gold:   569        SH:  0    Dex: 21    Spells: 10/10 levels left

rFire    + . .     SeeInvis .   a - +0 dagger (elec)
rCold    . . .     Gourm    .   (shield restricted)
rNeg     + + +     Faith    .   (armour currently unavailable)
rPois    +         Spirit   .   (helmet currently unavailable)
rElec    .         Reflect  .   (cloak currently unavailable)
rCorr    .         Harm     .   (gloves currently unavailable)
MR       .....     NoTele   +   (boots currently unavailable)
Stlth    +++++.....             y - amulet of regeneration
HPRegen  0.68/turn              w - ring of protection from fire
MPRegen  0.12/turn              (no ring)

@: mighty, tree-form, wreathed by umbra
A: small, mutation resistance 1
a: Shadow Step, Renounce Religion


You were on level 9 of the Dungeon.
You worshipped Dithmenos.
Dithmenos was most pleased with you.
You were hungry.
You were a tree.
You visited 2 branches of the dungeon, and saw 12 of its levels.

You collected 569 gold pieces.

Inventory:

Hand Weapons
 a - a +0 dagger of electrocution (weapon)
 b - a +0 fustibalus
 t - a +1 scimitar
 E - a +1 dagger of venom
Missiles
 q - 166 stones (quivered)
 r - 121 sling bullets
Armour
 f - a +0 pair of gloves (melded)
 j - a +1 helmet (melded)
 k - a +0 leather armour (melded)
 p - a +1 pair of boots (melded)
Jewellery
 w - a ring of protection from fire (left branch)
 y - an amulet of regeneration (around neck)
Wands
 h - a wand of polymorph (3)
 l - a wand of clouds (5)
 s - a wand of flame (6)
 A - a wand of paralysis (9)
 C - a wand of iceblast (15)
Scrolls
 i - 3 scrolls of remove curse
 m - 7 scrolls of fog
 u - a scroll of amnesia
 v - 4 scrolls of identify
 z - 2 scrolls of magic mapping
Potions
 d - 2 potions of curing
 e - 4 potions of flight
 g - a potion of brilliance
 o - a potion of cancellation
Comestibles
 c - 16 rations


   Skills:
 + Level 7.1 Fighting
 + Level 8.8 Long Blades
 + Level 11.0 Slings
 - Level 6.2 Armour
 + Level 8.6 Dodging
 - Level 5.0 Stealth


You had 10 spell levels left.
You didn't know any spells.
Your spell library contained the following spells:

 Spells                   Type           Power        Failure   Level  Hunger
 Beastly Appendage        Tmut           #.....       41%         1    ##.....
 Shock                    Conj/Air       #...         41%         1    ##.....
 Sting                    Conj/Pois      #...         41%         1    ##.....
 Summon Small Mammal      Summ           #...         41%         1    ##.....
 Call Imp                 Summ           #.......     54%         2    ###....
 Poisonous Vapours        Pois/Air       #.....       54%         2    ###....
 Sticks to Snakes         Tmut           #.......     54%         2    ###....
 Swiftness                Chrm/Air       #.......     54%         2    ###....
 Call Canine Familiar     Summ           #.......     78%         3    ####...
 Mephitic Cloud           Conj/Pois/Air  #.......     78%         3    ####...
 Spider Form              Tmut/Pois      #.........   78%         3    ####...
 Static Discharge         Conj/Air       #.......     78%         3    ####...
 Summon Guardian Golem    Hex/Summ       #.......     78%         3    ####...
 Airstrike                Air            #.........   99%         4    #####..
 Ice Form                 Ice/Tmut       #.......     99%         4    #####..
 Olgreb's Toxic Radiance  Pois           #.......     99%         4    #####..
 Summon Ice Beast         Ice/Summ       #.......     99%         4    #####..
 Summon Lightning Spire   Summ/Air       #.......     99%         4    #####..
 Blade Hands              Tmut           #.........   100%        5    ######.
 Lightning Bolt           Conj/Air       #.........   100%        5    ######.
 Venom Bolt               Conj/Pois      #.........   100%        5    ######.


Dungeon Overview and Level Annotations

Branches:
Dungeon (11/15)            Temple (1/1) D:6            Lair (0/6) D:9
    Orc: D:9-12

Altars:
Ashenzari
Dithmenos
Elyvilon
Fedhas
Gozag
Hepliaklqana
Kikubaaqudgha
Makhleb
Okawaru
Qazlal
Sif Muna
Trog
Vehumet
Wu Jian
Xom
Yredelemnul
The Shining One

Shops:
D:5 %

Annotations:
D:9 benadryl's ghost, journeyman TrHu


Innate Abilities, Weirdness & Mutations

You are small and have problems with some larger weapons.
You are somewhat resistant to further mutation.


Message History

Benadryl's ghost is severely damaged.
Benadryl's ghost hits you!
* * * LOW HITPOINT WARNING * * *
You barely miss benadryl's ghost.
Benadryl's ghost is severely damaged.
Benadryl's ghost hits you!
* * * LOW HITPOINT WARNING * * *
Your surroundings seem slightly different.
Benadryl's ghost completely misses you.
Okay, then.
Really quaff the potion of lignification?
You turn into a tree.
Your +1 helmet melds into your body.
Your +0 pair of gloves melds into your body.
Your +1 pair of boots melds into your body.
Your +0 leather armour melds into your body.
Your roots penetrate the ground.
Benadryl's ghost hits you!
* * * LOW HITPOINT WARNING * * *
You feel very mighty all of a sudden. Benadryl's ghost hits you!
You die...

.'.........##.#.........'.#
#....
##.........##.'.........###
#.###
#####'########.........#
#### § #.# ####'######
##..# § #.## #..# #..## §
#..# #)## #.## # ##.#
####.###### ##.#####
#######+#### #.........#
#.......
..........÷###..♣W.....#
#.......
...........#...........#
#.......
...........#.#.........#
#.......
.....).....'.#.........#
#.......
..>........###.........#
#....... ...........#
#.........###.......
......^....#
#....[..............
...........#
#.........###.>.....
#######+#### ######.####
##.#####


You could see benadryl's ghost.

Vanquished Creatures
  Nergalle (D:10)
  Pikel (D:7)
  A centaur skeleton (D:10)
  2 hornets
  A hippogriff (D:10)
  A shadow (D:9)
  A wyvern (D:8)
  6 yaks
  2 vampire mosquitoes (D:9)
  Eustachio (D:5)
  A hungry ghost (D:9)
  3 wargs (D:9)
  Edmund (D:5)
  A slave (D:7)
  A water moccasin (D:8)
  2 ice beasts
  3 orc warriors
  4 ogres
  A necrophage (D:7)
  2 sky beasts
  4 bullfrogs
  A scorpion (D:5)
  A killer bee (D:10)
  4 howler monkeys
  2 crimson imps
  A jelly (D:8)
  A bullfrog zombie (D:9)
  16 orc wizards
  3 hounds
  10 orc priests
  A bullfrog skeleton (D:6)
  Terence (D:2)
  2 iguanas (D:8)
  4 worker ants
  2 hound skeletons
  A worker ant zombie (D:3)
  11 adders
  3 shadow imps
  An ooze (D:2)
  An adder zombie (D:8)
  6 worms
  3 dart slugs (D:1)
  8 leopard geckos
  51 orcs
  10 giant cockroaches
  13 hobgoblins
  7 jackals
  5 kobolds
  3 quokkas
  7 bats
  7 frilled lizards
  5 goblins
  A leopard gecko skeleton (D:5)
  6 rats
238 creatures vanquished.

Vanquished Creatures (others)
  An orc (D:10)
1 creature vanquished.

Grand Total: 239 creatures vanquished

Notes
Turn   | Place    | Note
-------+----------+-------------------------------------------
     0 | D:1      | Birdy the Halfling Monk began the quest for the Orb.
     0 | D:1      | Reached XP level 1. HP: 15/15 MP: 1/1
    63 | D:1      | Reached skill level 1 in Armour
    63 | D:1      | Reached XP level 2. HP: 11/20 MP: 2/2
   375 | D:1      | Reached XP level 3. HP: 15/25 MP: 3/3
   973 | D:2      | Reached XP level 4. HP: 30/30 MP: 4/4
  1312 | D:2      | Noticed Terence
  1318 | D:2      | Killed Terence
  1318 | D:2      | Reached XP level 5. HP: 35/35 MP: 5/5
  2038 | D:3      | Found a burning altar of Makhleb.
  2402 | D:3      | Reached skill level 5 in Stealth
  2527 | D:3      | Reached XP level 6. HP: 41/41 MP: 6/6
  2816 | D:3      | Reached skill level 5 in Armour
  3176 | D:4      | Noticed an ogre
  3184 | D:4      | Killed an ogre
  3184 | D:4      | Reached XP level 7. HP: 30/45 MP: 7/7
  3628 | D:4      | Found a radiant altar of Vehumet.
  4285 | D:4      | Found a shimmering blue altar of Sif Muna.
  4318 | D:4      | Reached skill level 1 in Slings
  4839 | D:5      | Entered Level 5 of the Dungeon
  4847 | D:5      | Reached skill level 2 in Slings
  4879 | D:5      | Noticed Edmund
  4901 | D:5      | Killed Edmund
  4901 | D:5      | Reached skill level 3 in Slings
  4901 | D:5      | Reached XP level 8. HP: 15/51 MP: 8/8
  5155 | D:5      | Reached skill level 4 in Slings
  5392 | D:5      | Found Wyuppuqi's Food Shop.
  5458 | D:5      | Reached skill level 5 in Long Blades
  5684 | D:5      | Noticed Eustachio
  5753 | D:5      | Killed Eustachio
  5816 | D:5      | Found a shattered altar of Ashenzari.
  5907 | D:5      | Reached skill level 5 in Slings
  6342 | D:6      | Found a staircase to the Ecumenical Temple.
  6352 | Temple   | Entered the Ecumenical Temple
  6411 | Temple   | Became a worshipper of Dithmenos the Shadowed
  6411 | Temple   | Reached * piety under Dithmenos
  6411 | Temple   | Reached ** piety under Dithmenos
  6479 | D:6      | Found a shadowy altar of Dithmenos.
  6618 | D:6      | Found an ancient bone altar of Kikubaaqudgha.
  6657 | D:6      | Found an ornate altar of the Wu Jian Council.
  7184 | D:7      | Found a stormy altar of Qazlal.
  7400 | D:7      | Reached skill level 6 in Slings
  7400 | D:7      | Reached XP level 9. HP: 22/58 MP: 9/9
  7592 | D:7      | Noticed Pikel
  7609 | D:7      | Killed Pikel
  7609 | D:7      | Reached skill level 7 in Slings
  7609 | D:7      | Reached skill level 5 in Dodging
  7774 | D:7      | Found a basalt altar of Yredelemnul.
  8289 | D:8      | Reached skill level 5 in Fighting
  8408 | D:8      | Noticed a hornet
  8418 | D:8      | Killed a hornet
  8418 | D:8      | Reached skill level 8 in Slings
  8418 | D:8      | Reached XP level 10. HP: 52/65 MP: 10/10
  8982 | D:8      | You fall into a shaft and drop 3 floors!
  9039 | D:10     | Entered Level 10 of the Dungeon
  9060 | D:10     | Reached skill level 9 in Slings
  9321 | D:10     | Noticed Nergalle
  9340 | D:10     | Killed Nergalle
  9340 | D:10     | Reached *** piety under Dithmenos
  9713 | D:10     | Reached skill level 10 in Slings
  9892 | D:9      | Found a staircase to the Lair.
  9901 | D:9      | Reached XP level 11. HP: 73/73 MP: 11/11
 10089 | D:9      | Found a white marble altar of Elyvilon.
 10683 | D:9      | Reached skill level 11 in Slings
 10899 | D:9      | Found a runed translucent door.
 10900 | D:9      | Noticed benadryl's ghost (journeyman TrHu)
 11093 | D:9      | Slain by benadryl's ghost

Levels and vault maps discovered:
D:1:      dpeg_arrival_refuge, layout_rooms
D:2:      layout_basic, first_ration, st_stairs_4, uniq_terence
D:3:      layout_loops_corners, bloody_makhleb
D:4:      layout_basic, vehumet_crystals, led_sif_book
D:5:      layout_loops_ring, lemuel_coloured_pillars_altar, serial_shops,
          nicolae_shop_stone, uniq_eustachio, uniq_edmund
D:6:      layout_loops_corners, kiku_gazebo_pond_becter,
          nicolae_overflow_hidden_temple, minmay_temple_entry_arrows,
          basic_altar
D:7:      layout_loops_ring, marbit_many_paths, nicolae_overflow_crystal_walls,
          uniq_pikel
D:8:      layout_loops_corners
D:9:      layout_roguey, lemuel_doored_altar, erik_lair_orcish_takeover,
          ebering_ghost_inner_flame
D:10:     layout_grid_maze, minmay_fractal_squares_5, uniq_nergalle
D:11:     layout_basic, hiddenorc2_lemuel, hangedman_fish_farm,
          hangedman_decor_riveting, grunt_ministairs_13, st_stairs_1,
          uniq_erolcha
Temple:   oiseaux_autumnal_temple

Skill      XL: |  1  2  3  4  5  6  7  8  9 10 11 |
---------------+----------------------------------+-----
Armour         | 1 2 3 4 5 6 |  6.2
Stealth        | 3 4 5 |  5.0
Slings         | 3 6 8 10 11 | 11.0
Long Blades    | 4 5 6 8 |  8.8
Fighting       | 3 5 6 7 |  7.1
Dodging        | 4 6 7 8 |  8.6

Action                   |  1- 3 |  4- 6 |  7- 9 | 10-12 || total
-------------------------+-------+-------+-------+-------++-------
Melee: Falchion          |    71 |       |       |       ||    71
       Dagger            |     7 |   206 |   400 |   401 ||  1014
 Fire: Hunting sling     |       |     3 |    58 |       ||    61
       Fustibalus        |       |       |    48 |    40 ||    88
Throw: Boomerang         |       |     5 |     6 |       ||    11
Evoke: Wand              |       |       |     1 |       ||     1
  Use: Potion            |     1 |     1 |     3 |     4 ||     9
       Scroll            |     3 |     4 |     8 |     3 ||    18
 Stab: Sleeping          |     8 |    14 |    10 |     4 ||    36
       Distracted        |       |       |     2 |       ||     2
  Eat: Chunk             |       |     7 |    14 |     8 ||    29
       Ration            |       |       |     1 |       ||     1
Armor: Robe              |     8 |    37 |    14 |       ||    59
       Skin              |       |       |    19 |       ||    19
       Leather armour    |       |       |    48 |    43 ||    91
Dodge: Dodged            |    53 |   154 |   238 |   294 ||   739
       Rpst.: Falchion   |    15 |       |       |       ||    15
